 Dungeon Crawl Stone Soup version 0.29.1-12-g30fa7ad0bf (webtiles) character file.

Game seed: 9812448560959079690

65 hawla the Chiller (level 4, -4/33 HPs)
             Began as a Meteoran Ice Elementalist on Jan 17, 2023.
             Slain by Grinder (5 damage)
             ... while paralysed by Grinder
             ... on level 4 of the Dungeon.
             The game lasted 00:02:45 (233 turns).

hawla the Chiller (Meteoran Ice Elementalist)        Turns: 233, Time: 00:02:45

Health: -4/33      AC:  2    Str:  9    XL:     4   Next: 60%
Magic:  6/11       EV:  2    Int: 19    God:
Gold:   19         SH:  0    Dex: 14    Spells: 7/11 levels left

rFire   . . .      SeeInvis .   (no weapon)
rCold   . . .      Faith    .   (no shield)
rNeg    . . .      Spirit   .   a - +0 robe
rPois   .          Reflect  .   (no helmet)
rElec   .          Harm     .   (no cloak)
rCorr   .          Rampage  .   (no gloves)
Will    .....                   (no boots)
Stlth   +.........              (no amulet)
HPRegen 0.11/turn               (no ring)
MPRegen 0.12/turn               (no ring)

@: paralysed, glowing
A: sense surroundings 1, otherworldly, glowing, explore regen
a: no special abilities


You were on level 4 of the Dungeon.
You visited 1 branch of the dungeon, and saw 4 of its levels.

You collected 19 gold pieces.

Inventory:

Armour
 a - a +0 robe (worn)
Potions
 b - a potion of magic


   Skills:
 + Level 2.6 Dodging
 - Level 1.4 Stealth
 + Level 4.0 Spellcasting
 + Level 5.3 Ice Magic


You had 7 spell levels left.
You knew the following spells:

 Your Spells              Type           Power      Damage    Failure   Level
a - Freeze                Ice            96%        1d11      1%          1
b - Frozen Ramparts       Ice            48%        1d8       4%          3

Your spell library contained the following spells:

 Spells                   Type           Power      Damage    Failure   Level
 Ozocubu's Armour         Ice            24%        N/A       4%          3
 Hailstorm                Conj/Ice       13%        3d5       41%         4
 Borgnjor's Revivificati  Necr           1%         N/A       100%        8
 Necromutation            Tmut/Necr      1%         N/A       100%        8
 Death's Door             Necr           1%         N/A       100%        9


Dungeon Overview and Level Annotations

Branches:
Dungeon (4/15) Zot: 2166
 Temple: D:4-7

Altars:

Annotations:
D:4 Grinder


Innate Abilities, Weirdness & Mutations

You passively map a small area around you.
You are easily found by Zot.
You glow in the dark.
You regain HP and MP as you explore.


Message History

Aim: Grinder (lightly wounded)
You freeze Grinder.
Grinder resists.
Grinder is lightly wounded.
Grinder resists.
The wall freezes Grinder.
Grinder hits you.
Unknown command.
You aren't carrying any items that you can evoke.
Casting: Freeze (safe; 1% risk of failure)
Confirm with . or Enter, or press ? or * to list all spells.
Aiming: Freeze (safe; 1% risk of failure)
Press: ? - help, Shift-Dir - straight line, f/p - Grinder
Aim: Grinder (lightly wounded)
You freeze Grinder.
Grinder resists.
Grinder is lightly wounded.
Grinder completely resists.
The wall freezes Grinder but does no damage.
Grinder hits you.
You writhe in agony.
As you read the scroll labelled DINAERAMEGH, it crumbles to dust.
It is a scroll of identify.
You don't have any unidentified items.
The wall freezes Grinder but does no damage.
Grinder gestures at you. Pain shoots through your body!
You aren't carrying any scrolls.
Your frozen ramparts will break if you move.
Continue?
The frozen ramparts melt away as you move.
Grinder attacks as you move away! Grinder completely misses you.
Grinder attacks as you move away! Grinder hits you!
* * * LOW HITPOINT WARNING * * *
You writhe in agony.
* * * LOW HITPOINT WARNING * * *
You see here 6 stones.
Grinder attacks as you move away! Grinder barely misses you.
Grinder gestures at you.
You suddenly lose the ability to move!
Grinder hits you.
* * * LOW HITPOINT WARNING * * *
Grinder gestures at you.
You struggle to resist.
Grinder hits you.
You die...

, >.................. ,,
..............#####*
,..........)#..#### * *
,.................# * , #
#.########.###.#.# , #.#....# #.#
#.#.# , , #.#.# * #.# #...#
*#...########.# ##..# , ,
#.#...(5@....# #..#### ,,,
...#.########## #.....###
########.####### * ###.#..... ,
*#............... ..#.#.#.## ,
#.######.############.#.#†....
***#.#....#.#..# #....#.#.#.....
####.#......#..# #.##.#.#.#.#...
.'........###..# #.##.#.#.#.####
##.#.########..####.##.#.#.......


You could see Grinder.

Vanquished Creatures
  Natasha (twice) (D:4)
  An adder (D:4)
  A giant cockroach (D:2)
  2 goblins (D:1)
  2 hobgoblins (D:1)
  A bat (D:2)
  A rat (D:1)
10 creatures vanquished.

Notes
Turn   | Place    | Note
-------+----------+-------------------------------------------
     0 | D:1      | hawla the Meteoran Ice Elementalist began the quest for the
                  | Orb.
     0 | D:1      | Reached XP level 1. HP: 14/14 MP: 5/5
    30 | D:1      | Reached XP level 2. HP: 7/20 MP: 1/6
    82 | D:4      | Noticed Natasha
    87 | D:4      | Killed Natasha
    88 | D:4      | Reached skill level 5 in Ice Magic
    88 | D:4      | Reached XP level 3. HP: 26/26 MP: 3/8
    92 | D:4      | Learned a level 3 spell: Frozen Ramparts
   131 | D:4      | Found the +7 staff of the Meek {protect, meekguard}
   157 | D:4      | Reached XP level 4. HP: 33/33 MP: 4/10
   173 | D:4      | Noticed Natasha
   177 | D:4      | Killed Natasha
   209 | D:4      | Noticed Grinder
   229 | D:4      | Paralysed by Grinder for 5 turns
   231 | D:4      | HP: 1/33 [Grinder (3)]
   233 | D:4      | Slain by Grinder

Illustrated notes

Levels and vault maps discovered:
D:1:      minmay_arrival_stair_chambers, layout_loops_corners,
          chequers_serial_rivers_marsh, st_stairs_14
D:2:      layout_rooms, uniq_jessica, uniq_sigmund, uniq_robin, uniq_terence
D:3:      layout_loops_ring, minmay_misc_feat_diagonals, due_unseen_surprise
D:4:      layout_basic, dk_noncrumbling_2, uniq_natasha, uniq_blork_the_orc,
          uniq_grinder

Skill      XL: |  1  2  3  4 |
---------------+-------------+-----
Spellcasting   | 3 4 |  4.0
Ice Magic      | 5 |  5.3
Dodging        | |  2.6
Stealth        | |  1.4

Action                   |  1- 3 |  4- 6 || total
-------------------------+-------+-------++-------
Melee: Unarmed           |     3 |       ||     3
 Cast: Freeze            |    16 |     6 ||    22
       Frozen Ramparts   |     1 |     2 ||     3
  Use: Scroll            |       |     1 ||     1
Armor: Robe              |     5 |       ||     5
Dodge: Dodged            |     6 |     3 ||     9
